 Dungeon Crawl Stone Soup version 0.21-a0-314-gb3271ec (webtiles) character file.

52 tidbits the Charmwright (level 3, -1/31 HPs)
             Began as a Gnoll Skald on Sept 29, 2017.
             Hit by a stone thrown by a kobold (3 damage)
             ... on level 2 of the Dungeon.
             The game lasted 00:03:34 (585 turns).

tidbits the Charmwright (Gnoll Skald)                Turns: 585, Time: 00:03:34

Health: -1/31      AC:  5    Str: 13    XL:     3   Next: 85%
Magic:  1/9        EV: 12    Int: 16    God:
Gold:   71         SH:  0    Dex: 14    Spells: 1/12 levels left

rFire    . . .     SeeInvis .   a - +0 falchion
rCold    . . .     Gourm    .   (no shield)
rNeg     . . .     Faith    .   B - +0 ring mail
rPois    .         Spirit   .   (no helmet)
rElec    .         Reflect  .   (no cloak)
rCorr    .         Harm     .   (no gloves)
MR       .....                  (no boots)
Stlth    +.........             (no amulet)
HPRegen  0.10/turn              (no ring)
MPRegen  0.11/turn              (no ring)

@: infused
A: distributed training, fangs 1, strong nose
a: no special abilities


You were on level 2 of the Dungeon.
You were not hungry.

You visited 1 branch of the dungeon, and saw 2 of its levels.

You collected 71 gold pieces.

Inventory:

Hand Weapons
 a - a +0 falchion (weapon)
 i - a cursed -2 trident
Missiles
 m - 17 arrows
 r - 16 sling bullets
Armour
 b - a +0 leather armour
 l - a cursed +0 ring mail
 B - a +0 ring mail (worn)
Scrolls
 g - 3 scrolls of remove curse {unknown}
 h - a scroll of identify {unknown}
 j - 2 scrolls of teleportation {unknown}
 k - a scroll of noise {unknown}
 o - a scroll of immolation {unknown}
Potions
 e - a potion of brilliance {unknown}
 n - a potion of might {unknown}
 p - a potion of ambrosia {unknown}
 q - a potion of curing {unknown}
Books
 c - a book of Battle

   Spells                             Type                      Level
   a - Infusion                       Charms                       1
   b - Shroud of Golubria             Charms/Translocation         2
   c - Song of Slaying                Charms                       2
   d - Spectral Weapon                Hexes/Charms                 3
   e - Regeneration                   Charms/Necromancy            3
Comestibles
 d - 2 bread rations
 f - a royal jelly


   Skills:
 + Level 4.4 Fighting
 + Level 0.8 Short Blades
 + Level 4.9 Long Blades
 + Level 0.0 Axes
 + Level 0.8 Maces & Flails
 + Level 1.3 Polearms
 + Level 0.8 Staves
 + Level 0.0 Slings
 + Level 0.0 Bows
 + Level 1.7 Crossbows
 + Level 0.8 Throwing
 + Level 2.6 Armour
 + Level 4.5 Dodging
 + Level 0.8 Stealth
   Level 0.0 Stabbing
 + Level 0.0 Shields
   Level 0.0 Traps
 + Level 1.3 Unarmed Combat
 + Level 5.0 Spellcasting
 + Level 1.3 Conjurations
 + Level 0.8 Hexes
 + Level 6.4 Charms
 + Level 0.8 Summonings
 + Level 0.8 Necromancy
 + Level 0.0 Translocations
 + Level 1.3 Transmutations
 + Level 0.8 Fire Magic
 + Level 1.3 Ice Magic
 + Level 0.0 Air Magic
 + Level 0.0 Earth Magic
 + Level 1.7 Poison Magic
 + Level 0.0 Invocations
 + Level 0.8 Evocations


You had one spell level left.
You knew the following spells:

 Your Spells              Type           Power        Failure   Level  Hunger
g - Shroud of Golubria    Chrm/Tloc      ##........   13%         2    #......
i - Infusion              Chrm           ###.         2%          1    None
r - Regeneration          Chrm/Necr      ###.......   22%         3    ###....
s - Song of Slaying       Chrm           ###.....     3%          2    #......
w - Spectral Weapon       Hex/Chrm       ###.....     22%         3    ###....


Dungeon Overview and Level Annotations

Branches:
Dungeon (2/15)

Altars:


Innate Abilities, Weirdness & Mutations

Your experience applies equally to all skills.
You have very sharp teeth.
Your uncanny sense of smell can sniff out nearby items.


Message History

You see here 10 gold pieces.
Casting: Infusion
Confirm with . or Enter, or press ? or * to list all spells.
You begin infusing your attacks with magical energy.
You barely miss the rat. The rat barely misses you.
You completely miss the rat. The rat bites you but does no damage.
You barely miss the rat. The rat closely misses you.
You riposte.
You barely miss the rat. You closely miss the rat. The rat closely misses you.
You riposte.
You barely miss the rat. You hit the rat.
You kill the rat!
You now have 61 gold pieces (gained 10).
You now have 71 gold pieces (gained 10).
q - a lumpy puce potion Your magical infusion is running out.
You are no longer magically infusing your attacks.
A frilled lizard comes into view.
The frilled lizard hisses angrily.
There is a stone staircase leading down here.
You climb downwards.
There is a stone staircase leading up here.
Found a ring mail.
Found 16 sling bullets.
An ogre comes into view. It is wielding a giant club.
The ogre shouts!
A leopard gecko comes into view.
An adder comes into view.
The adder hisses angrily.
The leopard gecko hisses angrily.
A bat and a goblin come into view.
The goblin shouts!
A kobold comes into view.
You see here 16 sling bullets.
r - 16 sling bullets The bat hits you but does no damage.
The bat hits you but does no damage. The bat closely misses you.
The kobold throws a stone.
The stone completely misses you.
You see here a stone.
The bat closely misses you.
You riposte.
You closely miss the bat. The bat barely misses you.
You riposte.
You miss the bat. The adder bites you but does no damage. The bat misses you.
The bat barely misses you. The bat closely misses you.
You riposte.
You completely miss the bat. Your bite misses the bat.
Casting: Infusion
Confirm with . or Enter, or press ? or * to list all spells.
Space distorts slightly along a thin shroud covering your body.
The bat hits you but does no damage. x2
Casting: Shroud of Golubria
Confirm with . or Enter, or press ? or * to list all spells.
You begin infusing your attacks with magical energy.
The bat barely misses you.
You riposte.
You hit the bat.
You kill the bat!
The adder closely misses you.
You riposte.
You miss the adder. You miss the adder. Your bite misses the adder.
Your shroud bends the adder's attack away.
Casting: Infusion
Confirm with . or Enter, or press ? or * to list all spells.
You draw out your weapon's spirit!
The adder bites you but does no damage. The adder bites you.
You hit the adder.
The adder is heavily wounded.
The adder closely misses you.
Your spectral weapon hits the adder!
You kill the adder!
Your Transmutations skill increases to level 1!
Your Ice Magic skill increases to level 1!
You slash the leopard gecko!
You kill the leopard gecko!
You hit the ogre.
The ogre is lightly wounded.
Your spectral weapon hits the ogre.
The ogre hits you with a giant club!
* * * LOW HITPOINT WARNING * * *
You hit the ogre.
The ogre is heavily wounded.
Your spectral weapon hits the ogre but does no damage.
Your shroud bends the ogre's attack away.
You barely miss the ogre.
The ogre is heavily wounded.
Your spectral weapon hits the ogre.
The ogre closely misses your spectral weapon.
Your ring mail prevents you from hitting the ogre.
You bite the ogre, but do no damage.
The ogre is heavily wounded.
Your spectral weapon hits the ogre!
The ogre hits your spectral weapon with a giant club!
Your spectral weapon shares its damage with you!
Your spectral weapon fades away.
* * * LOW HITPOINT WARNING * * *
The ogre shouts!
You hit the ogre.
The ogre is almost dead.
The ogre hits you with a giant club!
* * * LOW HITPOINT WARNING * * *
Your shroud falls apart!
You aren't carrying any items that you can evoke.
Unknown command.
Okay, then.
The kobold throws a stone.
The stone hits you.
You die...

# # # ########## ##
#........########. #.#
#.............
#@###..........#.. #####
#................†
......###.###.............
.........O........÷......#
....[.##..###........†....
##### #K#..<........>....
####g##...............
####.........)........##.
#.......#####.###..#..###


You could see an ogre, a goblin and a kobold.

Vanquished Creatures
  A gnoll (D:1)
  An adder (D:2)
  2 worms (D:2)
  A dart slug (D:1)
  A leopard gecko (D:2)
  6 goblins
  2 hobgoblins (D:1)
  4 bats
  3 kobolds (D:1)
  5 rats
26 creatures vanquished.

Vanquished Creatures (others)
  A spectral weapon (D:2)
1 creature vanquished.

Grand Total: 27 creatures vanquished

Notes
Turn   | Place    | Note
-------+----------+-------------------------------------------
     0 | D:1      | tidbits the Gnoll Skald began the quest for the Orb.
     0 | D:1      | Reached XP level 1. HP: 20/20 MP: 6/6
    26 | D:1      | Reached skill level 5 in Spellcasting
    53 | D:1      | Reached skill level 1 in Crossbows
   131 | D:2      | Reached XP level 2. HP: 26/26 MP: 1/8
   137 | D:2      | Learned a level 2 spell: Song of Slaying
   140 | D:2      | Learned a level 2 spell: Shroud of Golubria
   255 | D:1      | Reached skill level 1 in Poison Magic
   313 | D:1      | Reached skill level 1 in Conjurations
   326 | D:1      | Reached XP level 3. HP: 26/31 MP: 9/9
   331 | D:1      | Learned a level 3 spell: Regeneration
   335 | D:1      | Learned a level 3 spell: Spectral Weapon
   367 | D:1      | Reached skill level 1 in Polearms
   367 | D:1      | Reached skill level 1 in Unarmed Combat
   557 | D:2      | Noticed an ogre
   574 | D:2      | Reached skill level 1 in Transmutations
   574 | D:2      | Reached skill level 1 in Ice Magic
   581 | D:2      | HP: 1/31 [ogre/giant club (7)]
   585 | D:2      | Hit by a stone thrown by a kobold

Vault maps used:
D:1:      lightli_arrival_maybe_door_vault

Skill      XL: |  1  2  3 |
---------------+----------+-----
Spellcasting   | 5 |  5.0
Crossbows      | 1 |  1.7
Poison Magic   | 1 |  1.7
Conjurations   | 1 |  1.3
Polearms       | 1 |  1.3
Unarmed Combat | 1 |  1.3
Transmutations | 1 |  1.3
Ice Magic      | 1 |  1.3
Fighting       | |  4.4
Short Blades   | |  0.8
Long Blades    | |  4.9
Maces & Flails | |  0.8
Staves         | |  0.8
Throwing       | |  0.8
Armour         | |  2.6
Dodging        | |  4.5
Stealth        | |  0.8
Hexes          | |  0.8
Charms         | |  6.4
Summonings     | |  0.8
Necromancy     | |  0.8
Fire Magic     | |  0.8
Evocations     | |  0.8

Action                   || total
-------------------------++-------
Melee: Falchion          ||    64
       Bite              ||     3
 Cast: Infusion          ||     9
       Shroud of Golubri ||     2
       Spectral Weapon   ||     1
Armor: Ring mail         ||    14
Dodge: Dodged            ||    35
       Rpst.: Falchion   ||    15

Table legend:
 A = Spawn XP
 B = Non-spawn XP
 C = Spawn XP percentage of total XP
 D = Spawn monster count
 E = Non-spawn monster count
 F = Spawn count percentage of total count
 G = Total turns spent on level
                    A         B        C        D         E        F      G
               +---------+---------+-------+---------+---------+-------+---------
         Total |       0 |      75 |   0.0 |       0 |      26 |   0.0 |   585
               +---------+---------+-------+---------+---------+-------+---------
           D:1 |       0 |      42 |   0.0 |       0 |      17 |   0.0 |   455
           D:2 |       0 |      33 |   0.0 |       0 |       9 |   0.0 |   130
               +---------+---------+-------+---------+---------+-------+---------

Table legend:
 A = Turns spent in this place as a percentage of turns spent in the entire game.
 B = Non-inter-level travel turns spent in this place as a percentage of non-inter-level travel turns spent in the entire game.
 C = Inter-level travel turns spent in this place as a percentage of turns spent in this place.
 D = Turns resting spent in this place as a percentage of non-inter-level travel turns spent in this place.
 E = Turns spent auto-exploring this place as a percentage of non-inter-level travel turns spent in this place.
 F = Non-inter-level travel turns spent in this place divided by the number of levels of this place that you've seen.
                   A       B       C       D       E      F
               +-------+-------+-------+-------+-------+----------------------
         Total | 100.0 | 100.0 |   0.0 |   0.0 |   0.0 | 292.5
       Dungeon | 100.0 | 100.0 |   0.0 |   0.0 |   0.0 | 292.5
               +-------+-------+-------+-------+-------+----------------------

Table legend:
 A = Kills in this place as a percentage of kills in entire the game.
 B = Kills by you in this place as a percentage of kills by you in the entire game.
 C = Kills by friends in this place as a percentage of kills by friends in the entire game.
 D = Other kills in this place as a percentage of other kills in the entire game.
 E = Experience gained in this place as a percentage of experience gained in the entire game.
 F = Experience gained in this place divided by the number of levels of this place that you have seen.
                   A       B       C       D       E      F
               +-------+-------+-------+-------+-------+----------------------
         Total | 100.0 | 100.0 |   N/A |   N/A | 100.0 |  37.5
       Dungeon | 100.0 | 100.0 |   N/A |   N/A | 100.0 |  37.5
               +-------+-------+-------+-------+-------+----------------------

Vault maps used:
D:1:      lightli_arrival_maybe_door_vault
